 Dungeon Crawl Stone Soup version 0.27-a0-1416-g941b2bd30b (webtiles) character file.

Game seed: 5464755183333826206

3 DemonSlayer the Slasher (level 1, 0/18 HPs)
             Began as a Human Berserker on July 2, 2021.
             Was a Follower of Trog.
             Slain by a ball python (2 damage)
             ... on level 1 of the Dungeon.
             The game lasted 00:00:18 (24 turns).

DemonSlayer the Slasher (Human Berserker)             Turns: 24, Time: 00:00:19

Health: 0/18       AC:  2    Str: 17    XL:     1   Next: 55%
Magic:  1/1        EV: 12    Int:  7    God:    Trog [*.....]
Gold:   0          SH:  0    Dex: 12    Spells: 0/0 levels left

rFire    . . .     SeeInvis .   a - +0 falchion
rCold    . . .     Faith    .   (no shield)
rNeg     . . .     Spirit   .   b - +0 animal skin
rPois    .         Reflect  .   (no helmet)
rElec    .         Harm     .   (no cloak)
rCorr    .         Rampage  .   (no gloves)
Will     .....                  (no boots)
Stlth    +.........             (no amulet)
HPRegen  0.06/turn              (no ring)
MPRegen  0.07/turn              (no ring)

@: no status effects
A: no striking features
a: Renounce Religion, Berserk


You were on level 1 of the Dungeon.
You worshipped Trog.
Trog was aware of your devotion.
You visited 1 branch of the dungeon, and saw 1 of its levels.

Inventory:

Hand Weapons
 a - a +0 falchion (weapon)
Armour
 b - a +0 animal skin (worn)


   Skills:
 + Level 3.0 Fighting
 + Level 3.1 Long Blades
 + Level 2.0 Armour
 + Level 2.0 Dodging


You couldn't memorise any spells.
You didn't know any spells.
Your spell library was empty.

Dungeon Overview and Level Annotations

Branches:
Dungeon (1/15)

Altars:


Message History

You barely miss the kobold.
The ball python hisses angrily.
The bat misses you.
You riposte.
You completely miss the bat. The kobold closely misses you.
You hit the kobold.
The kobold is severely wounded.
The bat barely misses you.
You riposte.
You barely miss the bat. The kobold barely misses you.
You hit the kobold.
You kill the kobold!
Trog accepts your kill. The bat closely misses you.
You riposte.
You hit the bat.
You kill the bat!
Trog accepts your kill.
Things that are here:
a +0 short sword; 2 stones; a bat corpse The ball python closely misses you.
You riposte.
You hit the ball python.
The ball python is severely wounded.
The ball python grabs you. The ball python constricts you.
The hobgoblin hits you.
You hit the hobgoblin.
The hobgoblin is heavily wounded.
The ball python bites you but does no damage.
The ball python constricts you. The hobgoblin hits you.
* * * LOW HITPOINT WARNING * * *
You hit the hobgoblin.
The hobgoblin is severely wounded.
The ball python barely misses you.
You riposte.
You closely miss the ball python.
The ball python is severely wounded.
* * * LOW HITPOINT WARNING * * *
The ball python constricts you. The hobgoblin misses you.
You riposte.
You slash the hobgoblin!
You kill the hobgoblin!
Trog accepts your kill. The ball python bites you.
* * * LOW HITPOINT WARNING * * *
x2 The ball python constricts you.
You escape the ball python's grasp.
The ball python bites you.
You die...

..... #.#
..#..###.#
.........##
..........
.........##
#.........##
...........##
.......@S...## .#
###.##..)....## .#
#.†#.#...## .##
.......##...##..#
.......#.###......#
...#.##.#.#
##.....# .. #.
#.#.# ##....# . ..
#...# ##.....# #.
#.#.###......#


You could see a ball python.

Vanquished Creatures
  A hobgoblin (D:1)
  A kobold (D:1)
  A bat (D:1)
3 creatures vanquished.

Notes
Turn   | Place    | Note
-------+----------+-------------------------------------------
     0 | D:1      | DemonSlayer the Human Berserker began the quest for the
                  | Orb.
     0 | D:1      | Reached XP level 1. HP: 18/18 MP: 1/1
    24 | D:1      | Slain by a ball python

Illustrated notes

Levels and vault maps discovered:
D:1:      elethiomel_arrival_shortcut, layout_basic,
          shapermc_ecumenical_altar_hornbeckon

Action                   || total
-------------------------++-------
Melee: Falchion          ||     6
Armor: Animal skin       ||     2
Dodge: Dodged            ||     9
       Rpst.: Falchion   ||     6

Table legend: (Time is in decaauts)
 A = Elapsed time spent in this place.
 B = Non-inter-level travel time spent in this place.
 C = Inter-level travel time spent in this place.
 D = Time resting spent in this place.
 E = Time spent auto-exploring this place.
 F = Levels seen in this place.
 G = Mean time per level.
                   A        B        C        D        E       F      G
               +--------+--------+--------+--------+--------+-----+--------+
         Total |     24 |     24 |      0 |      0 |     11 |   1 |   24.0 |
       Dungeon |     24 |     24 |      0 |      0 |     11 |   1 |   24.0 |
               +--------+--------+--------+--------+--------+-----+--------+

Top non-repeatable levels by time:
     D:1: 24 daAuts
